 Dungeon Crawl Stone Soup version 0.28-a0-194-g42b4daccc1 (webtiles) character file.

Game seed: 264499024781804662

294 timneilson the Covered (level 6, -3/38 HPs)
             Began as a Gargoyle Fighter on Aug 18, 2021.
             Slain by an iron imp (6 damage)
             ... summoned by Eustachio
             ... on level 4 of the Dungeon.
             The game lasted 00:06:26 (3716 turns).

timneilson the Covered (Gargoyle Fighter)           Turns: 3716, Time: 00:06:27

Health: -3/38      AC: 11    Str: 21      XL:     6   Next: 33%
Magic:  6/6        EV:  7    Int:  9      God:
Gold:   243        SH:  7    Dex:  4 (9)  Spells: 5/5 levels left

rFire   . . .      SeeInvis .   a - +0 long sword
rCold   . . .      Faith    .   c - +0 kite shield
rNeg    + . .      Spirit   .   b - +0 scale mail
rPois   ∞          Reflect  .   (no helmet)
rElec   +          Harm     .   (no cloak)
rCorr   .          Rampage  .   (no gloves)
Will    .....                   (no boots)
Stlth   ..........              (no amulet)
HPRegen 0.12/turn               (no ring)
MPRegen 0.10/turn               (no ring)

@: mighty, brilliant, attractive
A: sickness immunity, AC +4, negative energy resistance 1, electricity
resistance, torment resistance 1, petrification resistance
a: no special abilities


You were on level 4 of the Dungeon.
You visited 1 branch of the dungeon, and saw 4 of its levels.

You collected 243 gold pieces.

Inventory:

Hand Weapons
 a - a +0 long sword (weapon)
Armour
 b - a +0 scale mail (worn)
 c - a +0 kite shield (worn)
 l - a +0 plate armour
Jewellery
 g - a ring of ice
 h - an amulet of guardian spirit
Wands
 m - a wand of digging (4)
Scrolls
 o - a scroll of teleportation
Potions
 e - a potion of attraction
 f - 2 potions of curing
 k - a potion of ambrosia {unknown}
 n - a potion of cancellation {unknown}


   Skills:
 + Level 4.1 Fighting
 * Level 3.3 Long Blades
 * Level 4.9 Armour
 * Level 4.9 Shields


You had 5 spell levels left.
You didn't know any spells.
Your spell library contained the following spells:

 Spells                   Type           Power      Damage    Failure   Level
 Magic Dart               Conj           0%         1d3       98%         1
 Call Imp                 Summ           0%         N/A       99%         2
 Mephitic Cloud           Conj/Pois/Air  0%         N/A       100%        3


Dungeon Overview and Level Annotations

Branches:
Dungeon (4/15)
 Temple: D:4-7

Altars:

Annotations:
D:3 3 runed translucent doors, ryw's ghost, amateur GnWn
D:4 Eustachio


Innate Abilities, Weirdness & Mutations

You are immune to sickness and miasma.
Your stone body is resilient. (AC +4)
You are immune to poison.
You resist negative energy. (rN+)
You are resistant to electric shocks. (rElec)
You are resistant to unholy torment.
You are immune to petrification.


Message History

The white imp barely misses you. The bat hits you but does no damage.
The river rat bites you but does no damage.
You block Eustachio's attack.
The iron imp hits you but does no damage.
You feel better. The bat barely misses you. You block the bat's attack.
The white imp hits you but does no damage.
The river rat barely misses you. Eustachio barely misses you.
You slash Eustachio!
Eustachio is severely wounded.
The bat hits you. The white imp gestures at you. The puff of frost hits you!
You block the river rat's attack.
The iron imp hits you but does no damage.
Eustachio hits you with a +0 rapier.
The white imp lashes its tail.
The white imp hits you but does no damage.
The river rat bites you. You block the iron imp's attack.
Eustachio mumbles some strange words.
Eustachio blinks!
The bat hits you but does no damage. The white imp gestures at you.
The puff of frost hits you. Eustachio is attracted toward you.
The iron imp is attracted toward you.
Unknown command.
You barely miss Eustachio.
Eustachio is severely wounded.
The iron imp hits you but does no damage.
The white imp hits you but does no damage.
Eustachio hits you with a +0 rapier.
* * * LOW HITPOINT WARNING * * *
The iron imp hits you but does no damage.
You closely miss Eustachio.
Eustachio is severely wounded.
The white imp gestures at you. The puff of frost hits you.
* * * LOW HITPOINT WARNING * * *
Eustachio hits you with a +0 rapier.
* * * LOW HITPOINT WARNING * * *
The iron imp hits you.
You die...

#.#.###..######
..#.)#.........
###......######
.....##.##
###### #####
#.# ##....
#.#######..#
#.......§br#
#########55#
#.@# #..@§.....
##.###.... #.#
.. #.# #.# ...
#.#


You could see Eustachio, an iron imp (summoned), a river rat (summoned), a white
imp (summoned) and a bat (summoned).

Vanquished Creatures
  A scorpion (D:3)
  An iguana (D:4)
  2 orc wizards (D:4)
  6 gnolls
  5 adders
  3 dart slugs
  4 orcs
  6 ball pythons
  4 bats
  5 endoplasms
  4 giant cockroaches
  5 hobgoblins
  2 jackals (D:1)
  4 kobolds
  2 quokkas
  3 frilled lizards
  9 goblins
  5 rats
71 creatures vanquished.

Vanquished Creatures (others)
  2 plants (D:2)
2 creatures vanquished.

Grand Total: 73 creatures vanquished

Notes
Turn   | Place    | Note
-------+----------+-------------------------------------------
     0 | D:1      | timneilson the Gargoyle Fighter began the quest for the
                  | Orb.
     0 | D:1      | Reached XP level 1. HP: 14/14 MP: 1/1
   117 | D:1      | Found a faded altar of an unknown god.
   131 | D:1      | Reached XP level 2. HP: 18/19 MP: 2/2
  1174 | D:2      | Reached XP level 3. HP: 23/23 MP: 3/3
  1414 | D:2      | Reached XP level 4. HP: 4/28 MP: 4/4
  2091 | D:3      | Found a runed translucent gate.
  2091 | D:3      | Found a runed translucent gate.
  2091 | D:3      | Found a runed translucent gate.
  2117 | D:3      | Noticed ryw's ghost (amateur GnWn)
  2141 | D:3      | Noticed a scorpion
  2150 | D:3      | Killed a scorpion
  2151 | D:3      | Reached XP level 5. HP: 23/33 MP: 5/5
  3012 | D:3      | Reached XP level 6. HP: 30/38 MP: 6/6
  3644 | D:4      | Noticed Eustachio
  3716 | D:4      | Slain by an iron imp

Illustrated notes

Levels and vault maps discovered:
D:1:      dpeg_arrival_tiny_g, layout_basic, shapermc_ecumenical_altar_venn
D:2:      layout_rooms, guppyfry_early_lair_pool
D:3:      wander_river, layout_loops_ring, gammafunk_ghost_icy
D:4:      layout_loops_ring, minmay_misc_feat_tower,
          wad_floor_pattern_untrapped, minivault_27, uniq_sigmund,
          uniq_eustachio

Skill      XL: |  1  2  3  4  5 |
---------------+----------------+-----
Long Blades    | 2 3 |  3.3
Armour         | 4 |  4.9
Shields        | 4 |  4.9
Fighting       | 4 |  4.1

Action                   |  1- 3 |  4- 6 || total
-------------------------+-------+-------++-------
Melee: Long sword        |    93 |   218 ||   311
  Use: Scroll            |     2 |     3 ||     5
       Potion            |       |     7 ||     7
Armor: Scale mail        |    51 |   203 ||   254
Dodge: Dodged            |    39 |   111 ||   150
Block: Kite shield       |    59 |   144 ||   203
       Rpst.: Long sword |    16 |    37 ||    53

Table legend: (Time is in decaauts)
 A = Elapsed time spent in this place.
 B = Non-inter-level travel time spent in this place.
 C = Inter-level travel time spent in this place.
 D = Time resting spent in this place.
 E = Time spent auto-exploring this place.
 F = Levels seen in this place.
 G = Mean time per level.
                   A        B        C        D        E       F      G
               +--------+--------+--------+--------+--------+-----+--------+
         Total |   3892 |   3778 |    114 |      0 |   2901 |   4 |  973.0 |
       Dungeon |   3892 |   3778 |    114 |      0 |   2901 |   4 |  973.0 |
               +--------+--------+--------+--------+--------+-----+--------+

Top non-repeatable levels by time:
     D:1: 1188 daAuts
     D:3: 1151 daAuts
     D:2: 966 daAuts
     D:4: 585 daAuts
